AoeStats
← DrHaz3lnut

Lombardia

508731990Analyzed
2v2 RM · 7d ago on Sep 23, 2026· 53m 32s· 4 players
Game mode
Random Map
Map size
Medium (4 player)
Population
200
Speed
Normal
Resources
Standard
Victory
Conquest
Starting age
Dark Age
Ending age
Imperial Age
RankedLock teamsTeams togetherTeam positionsShared explorationLock speedFull tech treeHidden civsTurbo modeCheats
Victory
Defeat
🇩🇪 Goths · Germany
782
+16
🇩🇪 Britons · Germany
781
+16
🇧🇬 Bohemians · Bulgaria
800
-26
🇫🇷 Sicilians · France
770
-34
Gudart34
6:14 Loom
7:10 Loom
10:47 Feudal Age
11:00 Man-at-Arms
23:05 Wheelbarrow
25:23 Town Watch
28:15 Castle Age
26:58 Double-Bit Axe
28:32 Pikeman
29:13 Squires
29:47 Bow Saw
29:29 Stone Mining
31:21 Horse Collar
32:25 Hand Cart
32:11 Town Patrol
34:12 Heavy Plow
35:28 Devotion
35:54 Gold Mining
36:20 Forging
36:11 Scale Mail Armor
38:24 Iron Casting
38:04 Chain Mail Armor
38:32 Gold Shaft Mining
41:51 Fletching
42:01 Padded Archer Armor
41:53 Gambesons
41:54 Arson
44:42 Caravan
49:32 Imperial Age
48:28 Elite Skirmisher
49:16 Bodkin Arrow
49:37 Leather Archer Armor
51:28 Blast Furnace
50:28 Bracer
52:40 Conscription
Andreshk
0:55 Loom
14:23 Feudal Age
15:34 Double-Bit Axe
16:25 Man-at-Arms
20:24 Castle Age
26:30 Town Watch
36:39 Wheelbarrow
37:27 Long Swordsman
46:33 Bow Saw
48:29 Wagenburg Tactics
DrHaz3lnut
11:34 Feudal Age
9:52 Loom
16:40 Castle Age
19:36 Scale Barding Armor
19:59 Husbandry
19:54 Man-at-Arms
24:26 Horse Collar
26:16 Double-Bit Axe
29:05 Heavy Plow
29:51 Chain Barding Armor
31:44 Wheelbarrow
31:26 Bow Saw
38:22 Imperial Age
41:15 Ballistics
41:56 Chemistry
40:52 Fletching
41:03 Padded Archer Armor
42:38 Bodkin Arrow
43:00 Leather Archer Armor
42:47 Murder Holes
42:29 Long Swordsman
43:10 Squires
43:00 Elite Longbowman
45:44 Bracer
46:15 Ring Archer Armor
49:33 Two-Handed Swordsman
50:50 Yeomen
51:31 Hand Cart
53:14 Champion
R3genwurm
2:42 Loom
10:49 Feudal Age
17:10 Castle Age
26:31 Double-Bit Axe
26:39 Horse Collar
33:57 Imperial Age
33:23 Anarchy
36:25 Scale Mail Armor
36:35 Forging
37:39 Chain Mail Armor
39:26 Illumination
42:25 Wheelbarrow
42:24 Bow Saw
Connection lost

Rejoining the realm…

Still unreachable

The connection could not be restored.

Session expired

The server has moved on; the page needs a fresh start.